 Dungeon Crawl Stone Soup version 0.18-a0-1637-g109f206 (webtiles) character file.

12163 namelastname112 the Carver (level 11, -1/148 HPs)
             Began as a Grey Draconian Berserker on Mar 26, 2016.
             Was a High Priest of Trog.
             Slain by a worker ant (5 damage)
             ... on level 11 of the Dungeon.
             The game lasted 00:29:54 (9887 turns).

namelastname112 the Carver (DrBe)                   Turns: 9887, Time: 00:29:54

Health: -1/148     AC:  2    Str: 24    XL:     11   Next: 58%
Magic:  11/11      EV: 15    Int:  9    God:    Trog [*****.]
Gold:   791        SH:  0    Dex: 11    Spells: 0 memorised, 10 levels left

rFire  + . .     SeeInvis .     I - +2 great sword
rCold  . . .     Gourm    .     (armour unavailable)
rNeg   . . .     Faith    .     (shield currently unavailable)
rPois  .         Spirit   .     (helmet restricted)
rElec  .         Dismiss  .     w - +0 cloak
rCorr  .         Reflect  .     (no gloves)
SustAt .         Harm     .     q - +0 pair of boots
MR     .....     Rnd*Rage +     (no amulet)
Stlth  ..........               (no ring)
                                F - ring of protection from fire

@: berserking (expiring), corroded, very quick, not resistant to hostile
enchantments, extremely unstealthy
A: walk through water, unfitting armour, talons 1, berserk 1, clumsy 1, mutation
resistance 1, unbreathing, cold-blooded, AC +12
a: Berserk, Trog's Hand, Brothers in Arms, Burn Spellbooks, Renounce Religion


You were on level 11 of the Dungeon.
You worshipped Trog.
Trog was extremely pleased with you.
You were not hungry.

You visited 1 branch of the dungeon, and saw 11 of its levels.
You also visited: Sewer.

You collected 791 gold pieces.

Inventory:

Hand Weapons
 s - a +0 blowgun
 C - a +0 scimitar
 I - a +2 great sword (weapon)
Missiles
 t - 66 poisoned needles
 J - 3 needles of confusion
 O - 6 javelins of penetration (quivered)
 P - 6 silver tomahawks
 V - 6 silver javelins
Armour
 q - a +0 pair of boots (worn)
 w - a +0 cloak (worn)
Jewellery
 F - a ring of protection from fire (left hand)
Wands
 n - a wand of acid (15/15)
 y - a wand of lightning (4/15)
 B - a wand of confusion (23/48)
 E - a wand of confusion (11/48)
 K - a wand of acid (6/15)
 R - a wand of digging (14/24)
 S - a wand of iceblast (8/15)
 W - a wand of lightning (10/15)
Scrolls
 e - 2 scrolls of immolation
 g - a scroll of magic mapping
 h - a scroll of enchant weapon
 k - 4 scrolls of remove curse
 l - 2 scrolls of random uselessness
 m - 3 scrolls of fear
 o - 3 scrolls of teleportation
Potions
 d - 11 potions of heal wounds
 j - 7 potions of curing
 p - a potion of berserk rage
 u - 3 potions of might
 v - 2 potions of flight
 x - 2 potions of brilliance
 A - 2 potions of agility
 D - a potion of resistance
 N - a potion of haste
Books
 z - a book of Frost

   Spells                             Type                      Level
   a - Freeze                         Ice                          1
   b - Throw Frost                    Conjuration/Ice              2
   c - Ozocubu's Armour               Charms/Ice                   3
   d - Throw Icicle                   Conjuration/Ice              4
   e - Summon Ice Beast               Ice/Summoning                4
   Trog disapproves of the use of such an item.
 L - a book of Air

   Spells                             Type                      Level
   a - Shock                          Conjuration/Air              1
   b - Swiftness                      Charms/Air                   2
   c - Repel Missiles                 Charms/Air                   2
   d - Static Discharge               Conjuration/Air              3
   e - Lightning Bolt                 Conjuration/Air              5
   Trog disapproves of the use of such an item.
 T - a book of Enchantments

   Spells                             Type                      Level
   a - Cause Fear                     Hexes                        4
   b - Yara's Violent Unravelling     Hexes/Transmutation          5
   c - Silence                        Hexes/Air                    5
   d - Deflect Missiles               Charms/Air                   6
   e - Haste                          Charms                       6
   f - Discord                        Hexes                        8
   Trog disapproves of the use of such an item.
 U - a book of Conjurations

   Spells                             Type                      Level
   a - Magic Dart                     Conjuration                  1
   b - Searing Ray                    Conjuration                  2
   c - Dazzling Spray                 Conjuration/Hexes            3
   d - Fulminant Prism                Conjuration/Hexes            4
   e - Iskenderun's Mystic Blast      Conjuration                  4
   f - Iskenderun's Battlesphere      Conjuration/Charms           5
   Trog disapproves of the use of such an item.
Comestibles
 a - 10 slices of pizza
 b - 12 bread rations
 i - 5 meat rations
 H - 3 beef jerkies
 Q - 2 royal jellies


   Skills:
 + Level 10.0 Fighting
 * Level 12.1 Long Blades
 + Level 7.5 Throwing
 + Level 7.8 Dodging


You had 10 spell levels left.
You didn't know any spells.

Dungeon Overview and Level Annotations

Branches:
Dungeon (11/15)            Temple (0/1) D:7            Lair (0/8) D:9
    Orc (0/2) D:9

Altars:
Ashenzari
Cheibriados
Dithmenos
Elyvilon
Fedhas
Kikubaaqudgha
Makhleb
Sif Muna
Trog
Yredelemnul

Shops:
D:11 *

Portals:
Trove: D:10 (give wand of heal wounds (9))

Annotations:
D:11 Psyche


Innate Abilities, Weirdness & Mutations

You can walk through water.
Your dull iron-grey scales are very hard (AC +12).
Your body does not fit into most forms of armour.
You can survive without breathing.
You are cold-blooded and may be slowed by cold attacks.
You have sharp toenails.
You tend to lose your temper in combat.
You are clumsy. (Dex -2)
You are somewhat resistant to further mutation.


Message History

The orc hits you but does no damage.
You hear some strange, mumbled words.
A magic dart appears from out of thin air!
The magic dart hits you!
* * * LOW HITPOINT WARNING * * *
Something hits you.
* * * LOW HITPOINT WARNING * * *
Your surroundings suddenly seem different.
You can move again.
Found Biatur's Hallowed Reliquary.
Found a white marble altar of Elyvilon.
Found a stone staircase leading up and a stone staircase leading down.
A worker ant comes into view.
Unknown command.
The angel shouts!
The worker ant twitches its antennae in your direction.
You feel a strong urge to attack something.
You slash the worker ant!
The worker ant is severely wounded.
The worker ant bites you.
You die...

#.#.. ....####
#.#.######
######...#A#...
#.......####.#
#.......∩..#
#.........#
#..a...._.#
#..@......#
#...<.........#
...>###########.#
### .


You could see an angel and a worker ant.

Vanquished Creatures
  Urug (D:10)
  Nergalle (D:10)
  Pikel (D:7)
  The ghost of Stick the Thaumaturge, a novice DECj of Ashenzari (D:8)
  An ugly thing (D:11)
  2 komodo dragons (D:9)
  A troll (D:9)
  2 two-headed ogres (D:8)
  A shadow (D:8)
  9 yaks
  A wraith (D:6)
  A human (D:7)
  A hippogriff (D:8)
  A steam dragon (D:9)
  A hungry ghost (D:7)
  Menkaure (D:6)
  Duvessa (D:6)
  2 black bears (D:10)
  3 orc warriors
  A phantom (D:5)
  3 sky beasts
  2 eyes of draining (D:9)
  A necrophage (D:9)
  9 ogres
  8 centaurs
  4 big kobolds
  7 giant frogs
  A wyvern zombie (D:8)
  Dowan (D:6)
  A wyvern skeleton (D:6)
  3 scorpions
  16 wights
  4 howler monkeys (D:9)
  3 crimson imps
  A centaur zombie (D:9)
  A jelly (D:5)
  3 hounds
  9 orc priests
  2 giant frog skeletons
  Jessica (D:2)
  2 centaur skeletons
  A gnoll shaman (D:9)
  10 iguanas
  6 orc wizards
  8 worker ants
  4 sheep (D:7)
  2 hound skeletons
  2 hound zombies
  A worker ant zombie (D:9)
  6 gnolls
  12 adders
  2 shadow imps
  2 oozes
  2 worms
  2 dart slugs
  7 giant geckos
  23 orcs
  2 ball pythons
  12 bats
  6 giant cockroaches
  9 goblins
  2 hobgoblins
  6 jackals
  27 kobolds
  5 quokkas
  A giant cockroach zombie (D:5)
  A giant gecko skeleton (D:8)
  A giant gecko zombie (D:8)
  6 giant newts
  A jackal skeleton (D:5)
  2 quokka skeletons (D:4)
  2 quokka zombies (D:5)
  6 rats
294 creatures vanquished.

Notes
Turn   | Place    | Note
--------------------------------------------------------------
     0 | D:1      | namelastname112 the Draconian Berserker began the quest for the Orb.
     0 | D:1      | Reached XP level 1. HP: 19/19 MP: 1/1
    41 | D:1      | Reached XP level 2. HP: 15/26 MP: 2/2
   730 | D:2      | Reached skill level 1 in Throwing
   730 | D:2      | Reached XP level 3. HP: 31/31 MP: 3/3
   976 | D:2      | Reached ** piety under Trog
  1018 | D:2      | Noticed Jessica
  1027 | D:2      | Killed Jessica
  1048 | D:2      | Reached XP level 4. HP: 37/40 MP: 4/4
  1129 | D:2      | Reached skill level 4 in Long Blades
  1214 | D:2      | Found a deep blue altar of Sif Muna.
  1214 | D:2      | Found a snail-covered altar of Cheibriados.
  1215 | D:2      | Found a basalt altar of Yredelemnul.
  1219 | D:2      | Found a blossoming altar of Fedhas.
  2097 | D:3      | Found an ancient bone altar of Kikubaaqudgha.
  2194 | D:4      | Reached XP level 5. HP: 39/46 MP: 5/5
  2230 | D:4      | Noticed an ogre
  2242 | D:4      | Killed an ogre
  2245 | D:4      | Reached *** piety under Trog
  2245 | D:4      | Reached skill level 5 in Long Blades
  2245 | D:4      | Reached XP level 6. HP: 14/52 MP: 6/6
  2374 | D:4      | Found a glowing drain.
  2400 | Sewer    | Entered a sewer
  3087 | D:4      | Your scales start taking on a dull iron-grey colour.
  3087 | D:4      | Reached XP level 7. HP: 60/60 MP: 7/7
  3087 | D:4      | Gained mutation: You can survive without breathing. [Grey Draconian growth]
  3315 | D:5      | Entered Level 5 of the Dungeon
  3362 | D:5      | Reached skill level 5 in Fighting
  3392 | D:5      | Found an ancient bone altar of Kikubaaqudgha.
  3481 | D:5      | Reached skill level 6 in Long Blades
  3715 | D:5      | Wingboner: К нам поступила информация, что здесь злоупотребляют озверином.
  3716 | D:5      | namelastname112: возможно
  3716 | D:5      | namelastname112: я dupz сделать пытаюсь
  3716 | D:5      | namelastname112: или duhz
  3716 | D:5      | namelastname112: как пойдет
  3722 | D:5      | Wingboner: Драконидом?
  3745 | D:5      | namelastname112: ну да
  3745 | D:5      | Wingboner: Нухзхз.
  3929 | D:5      | namelastname112: я короче знаешь че хочу
  3929 | D:5      | namelastname112: новый цвет драконидам
  3929 | D:5      | Wingboner: Какой?
  3929 | D:5      | namelastname112: назвать его типа шадоу др
  3929 | D:5      | namelastname112: дать дрейн изо рта
  3929 | D:5      | namelastname112: рн+
  3929 | D:5      | namelastname112: и некру +2
  4036 | D:5      | Wingboner: Ну, запилить можно, даже легко.
  4061 | D:5      | Wingboner: А смысл?
  4082 | D:5      | Wingboner: Они не что-то особенное.
  4090 | D:5      | Wingboner: Резист говно/дыхание говно/апта говно/нинужен.
  4090 | D:5      | namelastname112: ну а почему нет?
  4114 | D:6      | Reached **** piety under Trog
  4118 | D:6      | Reached XP level 8. HP: 69/69 MP: 8/8
  4163 | D:6      | Wingboner: Нипочему. Запилить-то можно, но скучно.
  4163 | D:6      | namelastname112: тогда pearl
  4163 | D:6      | namelastname112: ло
  4163 | D:6      | namelastname112: л
  4219 | D:6      | Wingboner: Вот холи-драконида это уже интереснее.
  4283 | D:6      | Reached skill level 7 in Long Blades
  4307 | D:6      | xeno23: лучше расу новую
  4366 | D:6      | xeno23: оборотней каких-нибудь
  4394 | D:6      | xeno23: вон вампиры есть
  4394 | D:6      | Wingboner: Например — выдох делает вокруг него круг святого огня.
  4394 | D:6      | Wingboner: Ненадолго.
  4394 | D:6      | namelastname112: я хочу расу короче
  4394 | D:6      | Wingboner: Резист rN.
  4394 | D:6      | namelastname112: которая рандомно мутирует
  4394 | D:6      | namelastname112: просто постоянный эволв
  4476 | D:6      | Noticed Dowan
  4477 | D:6      | Noticed Duvessa
  4477 | D:6      | xeno23: >демонспаун
  4477 | D:6      | Wingboner: Я думал над такой расой, кстати.
  4477 | D:6      | namelastname112: не
  4477 | D:6      | namelastname112: не как демонспавн
  4477 | D:6      | namelastname112: чебы рандомно
  4477 | D:6      | Wingboner: Эво, который постоянно прорастает.
  4477 | D:6      | namelastname112: и плохие, и хорошие
  4478 | D:6      | Noticed Menkaure
  4482 | D:6      | Wingboner: Как у вайн сталкеров.
  4495 | D:6      | Killed Duvessa
  4495 | D:6      | Reached skill level 5 in Dodging
  4505 | D:6      | Killed Menkaure
  4510 | D:6      | Wingboner: Зом.
  4511 | D:6      | Killed Dowan
  4595 | D:6      | xeno23: зачем ты играешь детским богом кстати?
  4622 | D:6      | Reached skill level 8 in Long Blades
  4627 | D:6      | Reached XP level 9. HP: 70/78 MP: 9/9
  4747 | D:6      | xeno23: зашквар
  4747 | D:6      | namelastname112: говорю
  4747 | D:6      | namelastname112: dupz хочу сделать
  4847 | D:6      | Found a shadowy altar of Dithmenos.
  4884 | D:6      | xeno23: что?
  4887 | D:6      | namelastname112: dungeon - depths - pan - zot
  4887 | D:6      | namelastname112: больше никуда
  4887 | D:6      | namelastname112: убить всех панлордов и взять оттуда все руны
  5125 | D:7      | Found a staircase to the Ecumenical Temple.
  5498 | D:7      | Noticed Pikel
  5507 | D:7      | Killed Pikel
  5507 | D:7      | Reached skill level 5 in Throwing
  5743 | D:7      | Reached skill level 9 in Long Blades
  6218 | D:8      | Found a blossoming altar of Fedhas.
  6229 | D:8      | Noticed Stick's ghost (novice DECj)
  6249 | D:8      | Killed Stick's ghost
  6249 | D:8      | Reached XP level 10. HP: 88/88 MP: 10/10
  6456 | D:8      | Reached ***** piety under Trog
  6605 | D:8      | Reached skill level 10 in Long Blades
  6637 | D:8      | Found a shattered altar of Ashenzari.
  6670 | D:8      | xeno23: прикольный челендж
  6886 | D:8      | xeno23: вот во время турнира много подобного было
  7001 | D:9      | Received a gift from Trog
  7355 | D:9      | Found a burning altar of Makhleb.
  7355 | D:9      | Noticed an Executioner
  7380 | D:9      | Gained mutation: Your spells are a little harder to cast, but a little more powerful. [mutagenic meat]
  7381 | D:9      | Gained mutation: You have sharp toenails. [mutagenic meat]
  7382 | D:9      | Lost mutation: Your spells are a little harder to cast, but a little more powerful. [mutagenic meat]
  7383 | D:9      | Gained mutation: You can translocate small distances at will. [mutagenic meat]
  7384 | D:9      | Gained mutation: You are clumsy. (Dex -2) [mutagenic meat]
  7385 | D:9      | Lost mutation: You can translocate small distances at will. [mutagenic meat]
  7516 | D:9      | Found a staircase to the Orcish Mines.
  7677 | D:9      | Received a gift from Trog
  7677 | D:9      | Reached skill level 11 in Long Blades
  8061 | D:9      | Found a staircase to the Lair.
  8194 | D:9      | Found a bloodstained altar of Trog.
  8247 | D:9      | Reached XP level 11. HP: 90/97 MP: 6/11
  8271 | D:10     | Entered Level 10 of the Dungeon
  8350 | D:10     | Found a portal to a secret trove of treasure.
  8743 | D:10     | Noticed Nergalle
  8757 | D:10     | Killed Nergalle
  8757 | D:10     | Received a gift from Trog
  8855 | D:10     | Noticed Urug
  8873 | D:10     | Killed Urug
  9128 | D:10     | Gained mutation: You are somewhat resistant to further mutation. [mutagenic meat]
  9130 | D:10     | Gained mutation: You tend to lose your temper in combat. [mutagenic meat]
  9440 | D:10     | Reached skill level 12 in Long Blades
  9452 | D:10     | Found a shattered altar of Ashenzari.
  9870 | D:11     | Noticed a brown ugly thing
  9873 | D:11     | Noticed Psyche
  9882 | D:11     | Killed a brown ugly thing
  9882 | D:11     | Reached skill level 10 in Fighting
  9882 | D:11     | Paralysed by something for 2 turns
  9883 | D:11     | HP: 7/148 [something/magic dart (9)]
  9884 | D:11     | HP: 3/148 [something (5)]
  9884 | D:11     | Found a white marble altar of Elyvilon.
  9884 | D:11     | Found Biatur's Hallowed Reliquary.
  9885 | D:11     | Noticed an angel
  9887 | D:11     | Slain by a worker ant

Vault maps used:
D:1:      saegor_arrival_simple_b, minmay_hedge_maze
D:2:      grunt_temple_overflow_cloverleaf, uniq_jessica
D:3:      lemuel_crystal_altar, first_bread, item_on_display_a
D:4:      portal_sewer_entry_d
D:5:      basic_altar, minmay_misc_feat_hallway
D:6:      nicolae_dithmenos_the_darkroom, uniq_menkaure, uniq_duvessa
D:7:      temple_pool_a, grunt_livestock, uniq_pikel
D:8:      nicolae_ashenzari_panopticon, fedhas_altar_3
D:9:      trog_eyes_of_draining, makhleb_altar_promises_db, erik_lair_dragon,
          orc_0_dummy, fountainhead, st_stairs_1
D:10:     enter_trove_6, lemuel_centaur_altar, uniq_urug, uniq_nergalle
D:11:     nicolae_good_shop, uniq_psyche, uniq_erolcha, uniq_maurice
Sewer:    kennysheep_pipe_town

Skill      XL: |  1  2  3  4  5  6  7  8  9 10 11 |
---------------+----------------------------------+-----
Throwing       | 1 2 3 4 5 6 7 |  7.5
Long Blades    | 4 5 6 8 9 11 12 | 12.1
Dodging        | 3 4 5 6 7 |  7.8
Fighting       | 4 5 6 8 9 10 | 10.0

Action                   |  1- 3 |  4- 6 |  7- 9 | 10-12 || total
-------------------------+-------+-------+-------+-------++-------
Melee: Falchion          |    92 |   220 |   139 |       ||   451
       Scimitar          |       |       |   226 |     1 ||   227
       Great sword       |       |       |       |   426 ||   426
Invok: Berserk           |     1 |     3 |     9 |     7 ||    20
       Trog's Hand       |       |     1 |     1 |       ||     2
Evoke: Wand              |       |       |     2 |       ||     2
  Use: Scroll            |       |       |       |    20 ||    20
 Stab: Sleeping          |     2 |       |     1 |     1 ||     4
       Distracted        |       |       |       |     1 ||     1
  Eat: Chunk             |     2 |     9 |    16 |    25 ||    52
       Beef jerky        |       |       |     1 |     1 ||     2
       Meat ration       |       |       |     1 |       ||     1
